 Dungeon Crawl Stone Soup version 0.17.1-3-g152610e (webtiles) character file.

124 CcS the Skirmisher (level 4, -2/37 HPs)
             Began as a Mummy Gladiator on Apr 4, 2016.
             Slain by an ogre
             ... wielding a +0 giant club
              (25 damage)
             ... on level 3 of the Dungeon.
             The game lasted 00:03:37 (2100 turns).

CcS the Skirmisher (Mummy Gladiator)                Turns: 2100, Time: 00:03:37

Health: -2/37      AC:  9    Str: 18    XL:     4   Next: 81%
Magic:  4/4        EV:  7    Int:  7    God:
Gold:   105        SH:  0    Dex: 13    Spells: 0 memorised, 3 levels left

rFire  x . .     SeeInvis .     a - +0 long sword
rCold  + . .     Clarity  .     h - +0 chain mail
rNeg   + + +     SustAt   .     (no shield)
rPois  ∞         Gourm    .     c - +0 helmet
rElec  .         Spirit   .     (no cloak)
rCorr  .         Warding  .     (no gloves)
rMut   .         Stasis   .     (no boots)
MR     .....                    (no amulet)
Stlth  ..........               (no ring)
                                (no ring)

@: not resistant to hostile enchantments, extremely unstealthy
A: no food or potions, fire vulnerability, cold resistance 1, negative energy
resistance 3, torment resistance, unbreathing
a: no special abilities


You were on level 3 of the Dungeon.
You were not hungry.

You visited 1 branch of the dungeon, and saw 3 of its levels.

You collected 105 gold pieces.

Inventory:

Hand Weapons
 a - a +0 long sword (weapon)
Missiles
 d - a throwing net (quivered) {=f, !d}
Armour
 b - a +0 leather armour
 c - a +0 helmet (worn)
 h - a +0 chain mail (worn)
   (You found it on level 1 of the Dungeon)
Jewellery
 e - a +4 ring of slaying {unknown}
   (You found it on level 1 of the Dungeon)
 g - a cursed -3 ring of dexterity {unknown}
   (You found it on level 1 of the Dungeon)
 j - an uncursed amulet of guardian spirit {unknown}
   (You found it on level 1 of the Dungeon)
 m - a +4 ring of dexterity {unknown}
   (You took it off a kobold on level 1 of the Dungeon)
Scrolls
 f - 5 scrolls of teleportation {unknown}
 i - 2 scrolls of remove curse {unknown}
 k - 2 scrolls of identify {unknown}
 l - 2 scrolls of recharging {unknown}
 n - a scroll of noise {unknown}
 o - a scroll of immolation {unknown}


   Skills:
 - Level 4.0 Fighting
 + Level 3.4 Long Blades
 - Level 1.5 Throwing
 - Level 2.4 Dodging


You had 3 spell levels left.
You didn't know any spells.

Dungeon Overview and Level Annotations

Branches:
Dungeon (3/15)

Altars:
Dithmenos
Elyvilon
Fedhas
Sif Muna
Vehumet


Innate Abilities, Weirdness & Mutations

You do not eat or drink.
Your flesh is vulnerable to fire.
You are immune to poison.
Your flesh is cold resistant.
You are immune to negative energy.
You are immune to unholy pain and torment.
You can survive without breathing.


Message History

You closely miss the adder. The adder barely misses you.
The adder bites you but does no damage.
You closely miss the adder. The adder bites you.
You take 4 damage, and have 26/37 hp.
You barely miss the adder. The adder bites you but does no damage.
The adder bites you.
You closely miss the adder. The adder bites you but does no damage.
The adder barely misses you.
You take 2 damage, and have 24/37 hp.
Your chain mail prevents you from hitting the adder.
The adder bites you.
You take 2 damage, and have 22/37 hp.
You miss the adder. The adder bites you but does no damage.
The adder closely misses you.
You slash the adder! The adder barely misses you.
You miss the adder. The adder closely misses you.
The adder bites you but does no damage.
You hit the adder.
You kill the adder!
No target in view!
No target in view!
o - a scroll labeled UXOBAS ORPHEIX
Found a stone staircase leading down.
A goblin comes into view.
A goblin is nearby!
A goblin is nearby!
A goblin is nearby!
The goblin shouts!
You barely miss the goblin. The goblin barely misses you.
The goblin closely misses you.
Your chain mail prevents you from hitting the goblin.
The goblin hits you.
You take 1 damage, and have 23/37 hp.
You hit the goblin but do no damage. The goblin hits you but does no damage.
You miss the goblin. The goblin hits you but does no damage.
You hit the goblin. The goblin hits you but does no damage.
You hit the goblin but do no damage. The goblin hits you.
The goblin closely misses you.
You take 2 damage, and have 22/37 hp.
Your chain mail prevents you from hitting the goblin.
The goblin hits you.
You take 2 damage, and have 20/37 hp.
You miss the goblin. The goblin hits you.
You take 3 damage, and have 17/37 hp.
You are too injured to fight recklessly!
You are too injured to fight recklessly!
You are too injured to fight recklessly!
You are too injured to fight recklessly!
You are too injured to fight recklessly!
Your chain mail prevents you from hitting the goblin.
The goblin hits you but does no damage.
You hit the goblin.
You kill the goblin!
You start resting.
A hobgoblin comes into view. It is wielding a club.
You regained 3 hp, and now have 21/37 hp.
Unknown command.
A hobgoblin is nearby!
Unknown command.
The hobgoblin shouts!
You barely miss the hobgoblin.
The hobgoblin hits you but does no damage.
You hit the hobgoblin. The hobgoblin barely misses you.
You hit the hobgoblin but do no damage. The hobgoblin barely misses you.
You closely miss the hobgoblin.
The hobgoblin hits you but does no damage.
You hit the hobgoblin.
You kill the hobgoblin!
There is a stone staircase leading down, spattered with blood here.
You see here a club.
You start resting.
Unknown command.
Health restored: 37 An ogre comes into view.
It is wielding a giant club.
You see here 11 gold pieces.
An ogre is nearby!
An ogre is nearby!
An ogre is nearby!
You now have 105 gold pieces (gained 11).
Quiver which item? (- for none, * to show all) (? for menu, Esc to quit)
Quivering
d - 3 throwing nets {=f, !d} for throwing.
Aim: an ogre, wielding a giant club You throw a throwing net {=f, !d}.
The throwing net {=f, !d} barely misses the ogre.
Aim: an ogre, wielding a giant club You throw a throwing net {=f, !d}.
The throwing net {=f, !d} hits the ogre.
The ogre is caught in the net!
The ogre struggles against the net.
The ogre struggles against the net.
You hit the ogre but do no damage.
The ogre struggles against the net.
The helpless ogre fails to defend itself.
You hit the ogre.
The ogre struggles against the net.
You slash the ogre!
The ogre struggles against the net.
The net rips apart, and the ogre comes free!
You barely miss the ogre. The ogre hits you with a giant club!
You take 14 damage, and have 23/37 hp.
MASSIVE DAMAGE!!
You hit the ogre. The ogre hits you with a giant club!!
Ouch! That really hurt!
You die...

$.# #(# .# #.# #.# #.#
#.# ... ... #.# .....
#.# #.# #.... #O#
####.# #.#.# #@# .....#
#.#.# #.# ###..# #.#.#
#.# #
#..###.#.#####.##.###
#>.............>....#
#.####.#.######.....#
#.##...................
#.##.#.#.#..........###
#...(.........#.....#


You could see an ogre.

Vanquished Creatures
  4 adders
  2 oozes
  A worm (D:3)
  2 orcs
  6 bats
  3 giant cockroaches
  9 goblins
  9 hobgoblins
  13 jackals
  2 quokkas (D:2)
  3 ball pythons (D:1)
  A giant gecko (D:1)
  2 giant newts
  8 kobolds
  8 rats
73 creatures vanquished.

Notes
Turn   | Place    | Note
--------------------------------------------------------------
     0 | D:1      | CcS the Mummy Gladiator began the quest for the Orb.
     0 | D:1      | Reached XP level 1. HP: 16/16 MP: 1/1
   110 | D:1      | Reached XP level 2. HP: 23/23 MP: 2/2
   224 | D:1      | Reached skill level 3 in Fighting
   403 | D:1      | Reached XP level 3. HP: 21/29 MP: 3/3
   880 | D:2      | Reached skill level 4 in Fighting
   935 | D:2      | Found a radiant altar of Vehumet.
   940 | D:2      | Found a shadowy altar of Dithmenos.
   943 | D:2      | Found a white marble altar of Elyvilon.
  1022 | D:2      | Reached XP level 4. HP: 27/37 MP: 4/4
  1596 | D:2      | Reached skill level 3 in Long Blades
  1751 | D:3      | Found a blossoming altar of Fedhas.
  1751 | D:3      | Found a deep blue altar of Sif Muna.
  2089 | D:3      | Noticed an ogre
  2100 | D:3      | Slain by an ogre

Action                   |  1- 3 |  4- 6 || total
-------------------------+-------+-------++-------
Melee: Long sword        |   150 |   112 ||   262
Throw: Throwing net      |       |     2 ||     2
 Stab: Held in net/web   |       |     1 ||     1

Vault maps used:
D:1:      matt_arrival_diagonals, minmay_misc_feat_square, minmay_quantized
D:2:      minmay_overflow_temple_star_quad, minmay_misc_feat_rows, st_stairs_11,
          nrook_uturn
D:3:      old_standard_altar, grunt_temple_overflow_open, first_bread,
          ecumenical_altar_1

Table legend:
 A = Turns spent in this place as a percentage of turns spent in the entire game.
 B = Non-inter-level travel turns spent in this place as a percentage of non-inter-level travel turns spent in the entire game.
 C = Inter-level travel turns spent in this place as a percentage of turns spent in this place.
 D = Turns resting spent in this place as a percentage of non-inter-level travel turns spent in this place.
 E = Turns spent auto-exploring this place as a percentage of non-inter-level travel turns spent in this place.
 F = Non-inter-level travel turns spent in this place divided by the number of levels of this place that you've seen.
                   A       B       C       D       E      F
               +-------+-------+-------+-------+-------+----------------------
         Total | 100.0 | 100.0 |   0.4 |   1.6 |   8.8 | 299.7
       Dungeon | 100.0 | 100.0 |   0.4 |   1.6 |   8.8 | 299.7
               +-------+-------+-------+-------+-------+----------------------

Table legend:
 A = Kills in this place as a percentage of kills in entire the game.
 B = Kills by you in this place as a percentage of kills by you in the entire game.
 C = Kills by friends in this place as a percentage of kills by friends in the entire game.
 D = Other kills in this place as a percentage of other kills in the entire game.
 E = Experience gained in this place as a percentage of experience gained in the entire game.
 F = Experience gained in this place divided by the number of levels of this place that you have seen.
                   A       B       C       D       E      F
               +-------+-------+-------+-------+-------+----------------------
         Total | 100.0 | 100.0 |  -nan |  -nan | 100.0 |  59.3
       Dungeon | 100.0 | 100.0 |  -nan |  -nan | 100.0 |  59.3
               +-------+-------+-------+-------+-------+----------------------
